 Dungeon Crawl Stone Soup version 0.23-a0-677-g07611c5 (webtiles) character file.

2950 Amnesiac the Martial Artist (level 9, -7/56 HPs)
             Began as an Octopode Transmuter on Jan 9, 2019.
             Was an Initiate of Gozag.
             Mangled by an insubstantial wisp (8 damage)
             ... on level 7 of the Dungeon.
             The game lasted 00:11:58 (8074 turns).

Amnesiac the Martial Artist (Octopode Transmuter)   Turns: 8074, Time: 00:11:59

Health: -7/56      AC:  1    Str: 10    XL:     9   Next: 81%
Magic:  16/18      EV: 16    Int: 15    God:    Gozag
Gold:   717        SH:  5    Dex: 15    Spells: 15/20 levels left

rFire    + . .     SeeInvis +     - Unarmed
rCold    . . .     Gourm    .   (no shield)
rNeg     . . .     Faith    .   (helmet restricted)
rPois    .         Spirit   .   x - +5 amulet of reflection
rElec    .         Reflect  +   k - +2 ring of evasion
rCorr    +         Harm     .   e - ring of protection from fire
MR       .....                  g - ring of resist corrosion
Stlth    +++.......             n - ring of see invisible
HPRegen  0.18/turn              p - ring of stealth
MPRegen  0.16/turn              (no ring)
                                (no ring)
                                (no ring)

@: gold aura
A: almost no armour, stealthy swim, amphibious, 8 rings, constrict 8, camouflage
1, gelatinous body 1
a: Potion Petition, Call Merchant, Bribe Branch, Renounce Religion


You were on level 7 of the Dungeon.
You worshipped Gozag.
Gozag was pleased with you.
You were full.

You visited 2 branches of the dungeon, and saw 8 of its levels.

You collected 806 gold pieces.
You paid 89 gold pieces to Gozag.

Inventory:

Missiles
 a - 145 arrows
Armour
 r - a +1 shield
Jewellery
 e - a ring of protection from fire (right tentacle)
 g - a ring of resist corrosion (on tentacle)
 k - a +2 ring of evasion (left tentacle)
 n - a ring of see invisible (on tentacle)
 p - a ring of stealth (on tentacle)
 x - a +5 amulet of reflection (around mantle)
Wands
 y - a wand of disintegration (5)
Scrolls
 f - 5 scrolls of remove curse {!r}
 i - 2 scrolls of amnesia {!r}
 j - 3 scrolls of identify {!r}
 l - a scroll of teleportation {!r}
 o - a scroll of enchant armour {!r}
 q - a scroll of enchant weapon {!r, unknown}
 t - a scroll of fear {!r}
Potions
 b - 2 potions of flight {!q}
 d - 4 potions of curing {!q}
 h - a potion of berserk rage {!q}
 m - a potion of brilliance {!q, unknown}
 s - a potion of degeneration {!q, unknown}
 u - 2 potions of heal wounds {!q}
 v - 2 potions of invisibility {!q}
 w - a potion of ambrosia {!q}
Comestibles
 c - 6 rations


   Skills:
 - Level 3.0 Fighting
 - Level 3.0 Dodging
 - Level 11.0 Unarmed Combat
 + Level 6.1 Spellcasting
 - Level 3.0 Transmutations


You had 15 spell levels left.
You knew the following spells:

 Your Spells              Type           Power        Failure   Level  Hunger
b - Sticks to Snakes      Tmut           ##......     6%          2    #......
e - Spider Form           Tmut/Pois      #.........   24%         3    ##.....

Your spell library contained the following spells:

 Spells                   Type           Power        Failure   Level  Hunger
 Beastly Appendage        Tmut           ##....       4%          1    None
 Ice Form                 Ice/Tmut       #.......     61%         4    ####...
 Blade Hands              Tmut           ##........   75%         5    ######.


Dungeon Overview and Level Annotations

Branches:
Dungeon (7/15)             Temple (1/1) D:5

Altars:
Ashenzari
Cheibriados
Dithmenos
Elyvilon
Fedhas
Gozag
Hepliaklqana
Kikubaaqudgha
Makhleb
Nemelex Xobeh
Okawaru
Qazlal
Ru
Sif Muna
Trog
Uskayaw
Vehumet
Wu Jian
Xom
Yredelemnul
Zin
The Shining One


Innate Abilities, Weirdness & Mutations

You cannot wear most types of armour.
You are very stealthy in the water. (Stealth+)
You are amphibious.
You can wear up to eight rings at the same time.
You can use your tentacles to constrict eight enemies at once.
Your skin changes colour to match your surroundings (Stealth+).
Your rubbery body absorbs attacks. (AC +1, EV +1)


Message History

The sky beast is lightly wounded.
The sky beast completely misses you.
You bite the sky beast!
The sky beast looks as sick as possible!
The sky beast is almost dead.
The sky beast barely misses you.
You bite the sky beast!
You kill the sky beast!
Your Spellcasting skill increases to level 6!
You bite the insubstantial wisp!
The insubstantial wisp is heavily damaged.
The insubstantial wisp blinks!
Your transformation is almost over.
You completely miss the insubstantial wisp.
The insubstantial wisp hits you.
The insubstantial wisp blinks!
You bite the insubstantial wisp!
The insubstantial wisp is severely damaged.
The insubstantial wisp thrums sharply.
You are struck by an arc of lightning.
The lightning grounds out.
You closely miss the insubstantial wisp.
The insubstantial wisp is severely damaged.
The insubstantial wisp hits you!
* * * LOW HITPOINT WARNING * * *
You barely miss the insubstantial wisp.
The insubstantial wisp is heavily damaged.
The insubstantial wisp closely misses you.
You barely miss the insubstantial wisp.
The insubstantial wisp is heavily damaged.
You block the insubstantial wisp's attack.
The insubstantial wisp thrums sharply.
You are struck by an arc of lightning.
* * * LOW HITPOINT WARNING * * *
The lightning grounds out.
You hit the insubstantial wisp but do no damage.
The insubstantial wisp is heavily damaged.
The insubstantial wisp misses you.
The insubstantial wisp completely misses you.
You bite the insubstantial wisp!
You destroy the insubstantial wisp!
Training target 11.0 for Unarmed Combat reached!
Your Unarmed Combat skill increases to level 11!
You miss the insubstantial wisp.
The insubstantial wisp is heavily damaged.
The insubstantial wisp hits you!
* * * LOW HITPOINT WARNING * * *
You bite the insubstantial wisp!
The insubstantial wisp is almost destroyed.
The insubstantial wisp hits you.
* * * LOW HITPOINT WARNING * * *
You closely miss the insubstantial wisp.
The insubstantial wisp is almost destroyed.
The insubstantial wisp closely misses you.
You closely miss the insubstantial wisp.
The insubstantial wisp is almost destroyed.
Your transformation has ended.
The insubstantial wisp hits you!
* * * LOW HITPOINT WARNING * * *
You closely miss the insubstantial wisp.
The insubstantial wisp is almost destroyed.
You miss the insubstantial wisp.
The insubstantial wisp is almost destroyed.
The insubstantial wisp hits you!
You die...
Your body crumbles into a pile of gold.

... ..# #.# #.# ..
#)# .. $
#...##.##########.#.
#......$$$..$........
#.##.....$$##...>....
####.##@##.##.#...
##.##v#$.......#
#...$....v....§§
#....(.......#§ $
#>###.#.##....≈≈ #.
#.#.# .v.≈≈ $ $ #.#.#
..≈≈ $ #.... D≈≈ $
...## ≈≈


You could see an insubstantial wisp.

Vanquished Creatures
  The ghost of Lanoc the Slasher, a novice FoFi (D:4)
  Grinder (D:5)
  Eustachio (D:5)
  Menkaure (D:5)
  An insubstantial wisp (D:7)
  4 sky beasts
  A phantom (D:4)
  An orc warrior (D:6)
  An ice beast (D:5)
  A centaur (D:5)
  An ogre (D:6)
  A bullfrog (D:6)
  2 scorpions
  5 wights (D:6)
  A howler monkey (D:5)
  A centaur zombie (D:5)
  2 orc priests
  2 hounds
  An orc wizard (D:6)
  A bullfrog skeleton (D:4)
  Ijyb (D:5)
  An iguana (D:5)
  3 worker ants
  A hound zombie (D:7)
  A howler monkey skeleton (D:4)
  8 gnolls (D:7)
  7 adders
  A shadow imp (D:5)
  3 oozes
  An adder skeleton (D:6)
  An adder zombie (D:6)
  4 worms
  2 dart slugs (D:1)
  7 leopard geckos
  8 orcs
  11 bats
  6 giant cockroaches
  8 goblins
  9 hobgoblins
  11 jackals
  8 kobolds
  3 quokkas
  A ball python skeleton (D:4)
  2 frilled lizards (D:1)
  5 rats
143 creatures vanquished.

Notes
Turn   | Place    | Note
-------+----------+-------------------------------------------
     0 | D:1      | Amnesiac the Octopode Transmuter began the quest for the
                  | Orb.
     0 | D:1      | Reached XP level 1. HP: 13/13 MP: 3/3
   183 | D:1      | Reached XP level 2. HP: 17/19 MP: 5/5
   200 | D:1      | Learned a level 2 spell: Sticks to Snakes
   634 | D:1      | Reached XP level 3. HP: 10/24 MP: 6/6
   643 | D:1      | Learned a level 3 spell: Spider Form
  1374 | D:2      | HP: 1/24 [kobold (3)]
  1668 | D:3      | Noticed a sky beast
  1769 | D:3      | Killed a sky beast
  1769 | D:3      | Reached skill level 4 in Unarmed Combat
  1769 | D:3      | Reached XP level 4. HP: 10/30 MP: 4/7
  1769 | D:3      | Reached XP level 5. HP: 12/36 MP: 4/8
  2514 | D:4      | Found a runed door.
  2516 | D:4      | Noticed Lanoc's ghost (novice FoFi)
  2569 | D:4      | Noticed a phantom
  2594 | D:4      | Reached skill level 5 in Unarmed Combat
  2594 | D:4      | Reached XP level 6. HP: 42/42 MP: 9/9
  3251 | D:5      | Entered Level 5 of the Dungeon
  3408 | D:5      | Reached skill level 6 in Unarmed Combat
  3446 | D:5      | Found a staircase to the Ecumenical Temple.
  3453 | Temple   | Entered the Ecumenical Temple
  3528 | Temple   | Became a worshipper of Gozag Ym Sagoz the Greedy
  3550 | D:5      | Reached XP level 7. HP: 44/46 MP: 10/10
  3782 | D:2      | Found a faded altar of an unknown god.
  4880 | D:4      | Reached skill level 7 in Unarmed Combat
  4955 | D:4      | Killed Lanoc's ghost
  4955 | D:4      | Reached skill level 8 in Unarmed Combat
  4955 | D:4      | Reached XP level 8. HP: 49/52 MP: 10/13
  5160 | D:5      | Noticed Ijyb
  5161 | D:5      | Noticed Eustachio
  5336 | D:6      | Reached skill level 9 in Unarmed Combat
  5573 | D:6      | Found a basalt altar of Yredelemnul.
  5894 | D:6      | Reached XP level 9. HP: 38/56 MP: 14/16
  6320 | D:6      | Reached skill level 5 in Spellcasting
  6329 | D:6      | Reached skill level 10 in Unarmed Combat
  6947 | D:5      | Killed Ijyb
  7320 | D:5      | Noticed Menkaure
  7332 | D:5      | Killed Menkaure
  7403 | D:5      | Killed Eustachio
  7615 | D:5      | Noticed Grinder
  7627 | D:5      | Paralysed by Grinder for 6 turns
  7637 | D:5      | Killed Grinder
  8068 | D:7      | Reached skill level 11 in Unarmed Combat
  8072 | D:7      | HP: 1/56 [insubstantial wisp (9)]
  8074 | D:7      | Mangled by an insubstantial wisp

Vault maps used:
D:1:      dpeg_arrival_morbid_curiosity
D:2:      minmay_angry_zag, chequers_ecumenical_altar_island,
          minmay_misc_feat_diagonals
D:4:      gammafunk_ghost_grave
D:5:      minmay_temple_entry_arrows, first_ration, uniq_ijyb, uniq_eustachio,
          uniq_menkaure, uniq_grinder
D:6:      lemuel_doored_altar
D:7:      serial_shops, kennysheep_mini, hangedman_misty_isle
Temple:   grunt_wide_crystal_templ

Skill      XL: |  1  2  3  4  5  6  7  8  9 |
---------------+----------------------------+-----
Fighting       | 2 3 |  3.0
Transmutations | 3 |  3.0
Unarmed Combat | 4 5 6 8 9 11 | 11.0
Dodging        | 3 |  3.0
Spellcasting   | 3 4 6 |  6.1

Action                   |  1- 3 |  4- 6 |  7- 9 || total
-------------------------+-------+-------+-------++-------
Melee: Unarmed           |    85 |    79 |   255 ||   419
       Constrict         |    22 |    16 |    39 ||    77
       Tentacles         |    13 |    11 |    25 ||    49
       Punch             |     1 |     2 |     8 ||    11
 Cast: Sticks to Snakes  |     2 |       |       ||     2
       Spider Form       |     1 |     6 |    11 ||    18
  Use: Scroll            |     2 |     3 |     6 ||    11
       Potion            |       |       |     3 ||     3
 Stab: Sleeping          |     5 |     6 |    19 ||    30
       Distracted        |       |       |     1 ||     1
  Eat: Chunk             |     2 |     7 |       ||     9
       Ration            |       |       |     6 ||     6
Armor: Skin              |     6 |     3 |    14 ||    23
Dodge: Dodged            |    57 |    48 |   104 ||   209
Block: Other             |       |       |    20 ||    20

Table legend:
 A = Non-vault XP
 B = Vault XP
 C = Vault XP percentage of total XP
 D = Non-vault monster count
 E = Vault monster count
 F = Vault count percentage of total count
                 A         B        C        D         E       F
            +---------+---------+-------+---------+---------+-------
      Total |    2443 |    1772 |  42.0 |     129 |      14 |   9.8
            +---------+---------+-------+---------+---------+-------
        D:1 |      51 |       8 |  13.6 |      26 |       4 |  13.3
        D:2 |      63 |       6 |   8.7 |      19 |       3 |  13.6
        D:3 |     153 |       0 |   0.0 |      14 |       0 |   0.0
        D:4 |     355 |     763 |  68.2 |      19 |       1 |   5.0
        D:5 |     575 |     700 |  54.9 |      20 |       4 |  16.7
        D:6 |    1060 |       0 |   0.0 |      19 |       0 |   0.0
        D:7 |     186 |     295 |  61.3 |      12 |       2 |  14.3
            +---------+---------+-------+---------+---------+-------
